 Dungeon Crawl Stone Soup version 0.31-a0-1068-g5939ac1 (webtiles) character file.

Game seed: 14087167919429218486

2287660 UncleanOne the Invulnerable (level 27, 271/271 HPs)
             Began as an Armataur Artificer on Nov 24, 2023.
             Was an Initiate of Gozag.
             Escaped with the Orb
             ... and 3 runes!
             The game lasted 01:09:53 (41617 turns).

UncleanOne the Invulnerable (Armataur Artificer)   Turns: 41617, Time: 01:09:54

Health: 271/271    AC: 52    Str: 38    XL:     27
Magic:  32/32      EV:  6    Int: 15    God:    Gozag
Gold:   1120       SH: 23    Dex: 20    Spells: 26/26 levels left

rFire   + +          .
                       - Unarmed
rCold   + . .        Q - +2 kite shield
rNeg    + . .        g - +12 chain mail of the Game of Kings {-Cast Rampage Regen+ Str+6}
rPois   +            U - +0 mask of the Dragon {Will+ Slay+3 SInv}
rElec   +            r - +4 dragonskin cloak
rCorr   +            X - +2 pair of gloves of the Game Afoot {rF++ rC+}
SInv    +            D - +4 barding
Will    +++..        B - brooch of Shielding {Spirit SH+8} Stlth
                     M - ring "Asoerai" {Drain rElec rN+ Str+4 Dex+4}
HPRegen 1.45/turn    N - ring of Absolutism {rPois rCorr MP+9 Dex+3}
MPRegen 0.23/turn

%: no spellcasting, guardian spirit, roll
@: no status effects
A: large, deformed body, tough skin 3, armoured tail, roll 2, long tongue,
clever 1, inhibited regeneration, subdued magic 1
0: Orb of Zot
}: 3/15 runes: decaying, silver, gossamer
a: Renounce Religion, Potion Petition, Call Merchant, Bribe Branch


You escaped.
You worshipped Gozag.
Gozag was most pleased with you.
You visited 9 branches of the dungeon, and saw 45 of its levels.
You visited the Abyss 1 time.
You visited 1 ziggurat, and saw 6 of its levels.

You collected 23872 gold pieces.
You spent 7224 gold pieces at shops.
You paid 15528 gold pieces to Gozag.

Inventory:

Missiles
 y - 25 curare-tipped darts
 R - 2 throwing nets
Armour
 g - the +12 chain mail of the Game of Kings (worn) {-Cast Rampage Regen+ Str+6}
   (You bought it in a shop on level 1 of the Orcish Mines)

   Str+6:     It affects your strength (+6).
   -Cast:     It prevents spellcasting.
   Regen+:    It increases your rate of health regeneration.
   Rampage:   It bestows one free step when moving towards enemies.
 r - the +4 dragonskin cloak (worn)
   (You took it off Tiamat on level 2 of the Realm of Zot)

   Avatar's Aegis: It grants the wearer a chance to resist fire, cold, poison,
   electricity, acid, and negative energy.
 D - a +4 barding (worn)
 E - the scarf "Kaqon" {repulsion, Rampage Dex+4}
   (You bought it in a shop on level 1 of the Orcish Mines)

   Dex+4:     It affects your dexterity (+4).
   Rampage:   It bestows one free step when moving towards enemies.
 Q - a +2 kite shield (worn)
 U - the +0 mask of the Dragon (worn) {Will+ Slay+3 SInv}
   (You bought it in a shop on level 1 of the Depths)

   Slay+3:    It affects your accuracy & damage with ranged weapons and melee
   (+3).
   Will+:     It increases your willpower.
   SInv:      It lets you see invisible.
 X - the +2 pair of gloves of the Game Afoot (worn) {rF++ rC+}
   (You bought it in a shop on level 3 of the Vaults)

   rF++:      It greatly protects you from fire.
   rC+:       It protects you from cold.
Jewellery
 c - the ring "Siantail" {*Slow rF+++ rC+ rN+}
   (You bought it in a shop on level 2 of the Lair of Beasts)

   [ring of protection from cold]

   rF+++:     It renders you almost immune to fire.
   rC+:       It protects you from cold.
   rN+:       It protects you from negative energy.
   *Slow:     It may slow you when you take damage.
 q - the ring "Hienteuf" {rF+ rC+ MP+9 Int+6}
   (You found it on level 6 of a ziggurat)

   [ring of intelligence]

   Int+6:     It affects your intelligence (+6).
   rF+:       It protects you from fire.
   rC+:       It protects you from cold.
   MP+9:      It affects your magic capacity (+9).
 B - the brooch of Shielding (around neck) {Spirit SH+8}
   (You bought it in a shop on level 2 of the Spider Nest)

   [amulet of guardian spirit]

   Spirit:    It causes incoming damage to be divided between your reserves of
   health and magic.
   SH+8:      It affects your SH (+8).
 M - the ring "Asoerai" (left hand) {Drain rElec rN+ Str+4 Dex+4}
   (You bought it in a shop on level 5 of the Lair of Beasts)

   [ring of positive energy]

   Str+4:     It affects your strength (+4).
   Dex+4:     It affects your dexterity (+4).
   rElec:     It insulates you from electricity.
   rN+:       It protects you from negative energy.
   Drain:     It drains your maximum health when unequipped.
 N - the ring of Absolutism (right hand) {rPois rCorr MP+9 Dex+3}
   (You bought it in a shop on level 2 of the Spider Nest)

   [ring of magical power]

   Dex+3:     It affects your dexterity (+3).
   rPois:     It protects you from poison MP+9: It affects your magic capacity
   (+9).
   rCorr:     It protects you from acid and corrosion.
 T - a ring of willpower
 Z - a ring of willpower
Wands
 d - a wand of charming (36)
 t - a wand of acid (18)
 z - a wand of flame (62)
 C - a wand of polymorph (1)
 H - a wand of mindburst (37)
 V - a wand of iceblast (7)
 Y - a wand of digging (3)
Scrolls
 b - 11 scrolls of teleportation
 e - 2 scrolls of blinking
 i - 11 scrolls of enchant weapon
 k - 2 scrolls of fog
 m - 4 scrolls of vulnerability
 n - 7 scrolls of poison
 x - a scroll of immolation
 A - 8 scrolls of fear
 F - a scroll of butterflies
 I - a scroll of silence
 J - 7 scrolls of amnesia
 L - 2 scrolls of torment
 O - 4 scrolls of brand weapon
Potions
 a - 6 potions of lignification
 f - 9 potions of mutation
 h - 16 potions of curing
 j - 5 potions of enlightenment
 l - 2 potions of haste
 o - 2 potions of magic
 p - 7 potions of ambrosia
 s - 3 potions of cancellation
 u - 2 potions of might
 v - 11 potions of brilliance
 w - 2 potions of berserk rage
 G - 6 potions of heal wounds
 K - 6 potions of attraction
 S - 3 potions of invisibility
Miscellaneous
 W - a phantom mirror


   Skills:
 + Level 26.6 Fighting
 O Level 27 Armour
 - Level 0.6 Dodging
 - Level 1.1 Stealth
 - Level 10.2 Shields
 - Level 24.4 Unarmed Combat
 - Level 3.0 Evocations


You had 26 spell levels left.
You didn't know any spells.
Your spell library contained the following spells:

 Spells                   Type           Power      Damage    Failure   Level
 Apportation              Tloc           0%         N/A       50%         1
 Foxfire                  Conj/Fire      0%         2x1d4     50%         1
 Freeze                   Ice            0%         1d3       50%         1
 Magic Dart               Conj           0%         1d3       50%         1
 Necrotise                Necr           0%         1d4       50%         1
 Sandblast                Erth           0%         2d4       50%         1
 Shock                    Conj/Air       0%         1d3       50%         1
 Slow                     Hex            0%         N/A       50%         1
 Sting                    Tmut/Pois      0%         1d3       50%         1
 Summon Small Mammal      Summ           0%         N/A       50%         1
 Blink                    Tloc           0%         N/A       63%         2
 Cigotuvi's Dreadful Rot  Necr/Pois/Air  0%         N/A       63%         2
 Lesser Beckoning         Tloc           0%         N/A       63%         2
 Passwall                 Tmut/Erth      0%         N/A       63%         2
 Poisonous Vapours        Pois/Air       0%         N/A       63%         2
 Searing Ray              Conj           0%         2d4       63%         2
 Call Canine Familiar     Summ           0%         N/A       86%         3
 Confusing Touch          Hex            0%         N/A       86%         3
 Frozen Ramparts          Ice            0%         1d1       86%         3
 Gell's Gravitas          Tloc           0%         N/A       86%         3
 Hailstorm                Conj/Ice       0%         3d3       86%         3
 Ignite Poison            Fire/Tmut/Pois 0%         N/A       86%         3
 Inner Flame              Hex/Fire       0%         N/A       86%         3
 Ozocubu's Armour         Ice            0%         N/A       86%         3
 Sigil of Binding         Hex            0%         N/A       86%         3
 Stone Arrow              Conj/Erth      0%         3d7       86%         3
 Swiftness                Air            0%         N/A       86%         3
 Teleport Other           Tloc           0%         N/A       86%         3
 Tukima's Dance           Hex            0%         N/A       86%         3
 Vampiric Draining        Necr           0%         2d6       86%         3
 Airstrike                Air            0%         2d(0-16)  99%         4
 Animate Armour           Summ/Erth      0%         N/A       99%         4
 Brom's Barrelling Bould  Conj/Erth      0%         2d3       99%         4
 Cause Fear               Hex            0%         N/A       99%         4
 Dimensional Bullseye     Hex/Tloc       0%         N/A       99%         4
 Dispel Undead            Necr           0%         3d6       99%         4
 Flame Wave               Conj/Fire      0%         2d4       99%         4
 Fulminant Prism          Conj/Hex       0%         3d5       99%         4
 Iskenderun's Mystic Bla  Conj/Tloc      0%         2d3       99%         4
 Leda's Liquefaction      Hex/Erth       0%         N/A       99%         4
 Manifold Assault         Tloc           0%         N/A       99%         4
 Olgreb's Toxic Radiance  Pois           0%         N/A       99%         4
 Passage of Golubria      Tloc           0%         N/A       99%         4
 Petrify                  Tmut/Erth      0%         N/A       99%         4
 Sticky Flame             Conj/Fire      0%         2d3       99%         4
 Summon Lightning Spire   Summ/Air       0%         N/A       99%         4
 Vhi's Electric Charge    Tloc/Air       0%         N/A       99%         4
 Freezing Cloud           Conj/Ice/Air   0%         6-21      100%        5
 Irradiate                Conj/Tmut      0%         3d11      100%        5
 Lee's Rapid Deconstruct  Erth           0%         3d4*      100%        5
 Metabolic Englaciation   Hex/Ice        0%         N/A       100%        5
 Silence                  Hex/Air        0%         N/A       100%        5
 Yara's Violent Unravell  Hex/Tmut       0%         3d3       100%        5
 Conjure Ball Lightning   Conj/Air       0%         3x3d6     100%        6
 Death Channel            Necr           0%         N/A       100%        6
 Dispersal                Tloc           0%         N/A       100%        6
 Ozocubu's Refrigeration  Ice            0%         4d7       100%        7
 Discord                  Hex            0%         N/A       100%        8
 Disjunction              Tloc           0%         N/A       100%        8
 Lehudib's Crystal Spear  Conj/Erth      0%         10d2      100%        8
 Summon Horrible Things   Summ           0%         N/A       100%        8
 Chain Lightning          Conj/Air       0%         N/A       100%        9
 Polar Vortex             Ice            0%         N/A       100%        9
 Simulacrum               Ice/Necr       Unusable   N/A       N/A         6

Dungeon Overview and Level Annotations

Branches:
Dungeon (15/15)            Temple (1/1) D:5            Lair (5/5) D:11
  Swamp (4/4) Lair:3       Spider (4/4) Lair:2          Orc (2/2) D:10
    Elf (0/3) Orc:2        Vaults (5/5) D:14          Crypt (0/3) Vaults:2
 Depths (4/4) D:15            Zot (5/5) Depths:4
  Slime: Lair:4-5

Altars:
Ashenzari
Cheibriados
Dithmenos
Elyvilon
Fedhas
Gozag
Hepliaklqana
Kikubaaqudgha
Makhleb
Nemelex Xobeh
Okawaru
Qazlal
Ru
Sif Muna
Trog
Uskayaw
Vehumet
Wu Jian
Xom
Yredelemnul
Zin
The Shining One
Lugonu

Shops:
D:2 !   D:3 **=   D:11 =   D:14 =   Orc:1 [([   Orc:2 :***   Lair:2 =
Lair:5 =   Spider:2 =   Vaults:2 [!   Vaults:3 [   Vaults:4 ?**   Vaults:5 [
Depths:1 =[[

Portals:
Hell: Depths:1
Abyss: Lair:5 Depths:3
Pandemonium: Depths:2

Annotations:
D:9 1 runed translucent door
D:13 3 runed translucent doors, Ozzieoiler's ghost, journeyman DsRe
Lair:5 2 transporters, Runel's ghost, journeyman DEEE
Swamp:4 Bai Suzhen; Mara


Innate Abilities, Weirdness & Mutations

Armour fits poorly on your strangely shaped body.
You have extremely tough skin. (AC +3)
You have a long armoured tail.
You roll and regenerate health when moving toward enemies. (Rampage Heal)
Your long tongue fully drains potion bottles. (2x potion effects)
Your mind is acute. (Int +4, Str/Dex -1)
You do not regenerate when monsters are visible.
Your spells are a little easier to cast, but a little less powerful.


Message History

A red devil and an orange demon come into view.
The red devil moves out of view.
The orange demon moves out of view.
There is a stone staircase leading up here.
You climb upwards.
There is a stone staircase leading down here.
What level of the Dungeon? (default 1, ? - help)
There is a stone staircase leading up here.
You climb upwards.
There is a stone staircase leading down here.
You see here 4 stones.
A Mafonow and a hellion come into view.
Blink to where?
Press: ? - help, Q - select action, (/) - cycle Dir - move target
As you read the scroll of blinking, it crumbles to dust.
Mafonow moves out of view.
The hellion moves out of view.
Blink to where?
Press: ? - help, Q - select action, (/) - cycle Dir - move target
As you read the scroll of blinking, it crumbles to dust.
You climb upwards.
There is a stone staircase leading down here.
What level of the Dungeon? (default 1, ? - help)
There is a stone staircase leading up here.
You climb upwards.
There is a stone staircase leading down here.
There is a stone staircase leading up here.
You climb upwards.
There is a stone staircase leading down here.
There is a stone staircase leading up here.
You climb upwards.
There is a stone staircase leading down here.
Blink to where?
Press: ? - help, Q - select action, (/) - cycle Dir - move target
As you read the scroll of blinking, it crumbles to dust.
Blink to where?
Press: ? - help, Q - select action, (/) - cycle Dir - move target
As you read the scroll of blinking, it crumbles to dust.
Blink to where?
Press: ? - help, Q - select action, (/) - cycle Dir - move target
As you read the scroll of blinking, it crumbles to dust.
You have escaped!

####.#........#...#.......#####.#
....>....#######.#######........#
...#.#...#~~#.......#~~#..#######
#...#....#~#.........#~#..#
##.###...##...........##..# #.##
##..#.............#..#####
##.###..##.............##§....###
#.#.#..#.#.............#.#......#
.###..#.........@.........#...#.#
.####..#^#.............#.#..#>#.#
.##.....##.......(§....##..##.#.#
.........#.............#...##.#.#
.........##...........##......#.#
###.##...#~#.........#~#...####.#
#..##..#~~#.......#~~#..## #.#
##...#..#######.#######..# #.#
#............#...#.......#####.#


There were no monsters in sight!

Vanquished Creatures
  A pandemonium lord (Zig:3)
  2 dread liches
  An orb of fire (Zot:4)
  Tiamat (Zot:2)
  An ancient lich (Vaults:5)
  Margery (Depths:3)
  Saint Roka (Vaults:1)
  3 Killer Klowns (Zot:5)
  A caustic shrike (Zig:4)
  A curse toe (Zot:2)
  5 golden dragons
  the Enchantress (Depths:1)
  Nikola (Swamp:1)
  An electric golem (Zot:5)
  A hellephant (Zig:2)
  Jorgrun (D:12)
  2 Hell Sentinels
  9 tentacled monstrosities
  Mlioglotl (Swamp:2)
  4 liches
  5 quicksilver dragons
  16 Orb Guardians (Zot:5)
  7 titans
  6 sphinxes
  An Executioner (Depths:4)
  2 ancient champions (Zig:4)
  2 tentacled starspawn
  4 death cobs
  15 storm dragons
  3 thorn hunters
  Donald (Swamp:1)
  13 fire giants
  6 shadow dragons
  3 fenstrider witches (Swamp:4)
  6 tengu reavers
  2 draconian monks (Zot:2)
  5 draconian knights
  22 vault wardens
  3 iron dragons (Vaults:5)
  5 frost giants
  A deep elf sorcerer (Vaults:5)
  8 draconian scorchers
  A ghoul (Swamp:4)
  5 ghost moths
  An angel (Zig:1)
  5 draconian shifters
  3 emperor scorpions
  3 war gargoyles
  2 draconian stormcallers
  3 spriggan defenders (Depths:1)
  22 very ugly things
  4 draconian annihilators (Zot:2)
  27 ironbound preservers
  2 cacodemons
  A broodmother (Spider:2)
  4 formless jellyfish (Vaults:4)
  17 stone giants
  A reaper (Depths:3)
  9 ironbound thunderhulks
  A deep elf demonologist (Vaults:5)
  2 eleionomae
  7 red draconians
  A deep elf annihilator (Vaults:2)
  6 bunyips
  5 dire elephants
  8 black draconians
  7 purple draconians
  11 green draconians
  2 white draconians (Zot:2)
  12 yellow draconians
  2 spark wasps (Spider:4)
  An eidolon (Vaults:3)
  Snorg (D:14)
  An iron golem (Zig:4)
  2 deep elf death magi
  5 fire dragons
  3 entropy weavers
  10 ettins
  2 blizzard demons (Swamp:4)
  An entropy weaver (shapeshifter) (Vaults:5)
  13 yaktaur captains
  6 rakshasas
  2 ice dragons (Depths:1)
  A deep elf high priest (Vaults:5)
  36 vault guards
  A shambling mangrove (Swamp:4)
  2 spriggan air magi (Depths:1)
  An ogre mage (Vaults:5)
  6 hydras
  A peacekeeper (Vaults:3)
  Erolcha (Orc:2)
  9 great orbs of eyes
  7 alligators
  A death knight (Vaults:2)
  A jorogumo (Spider:4)
  18 centaur warriors
  13 two-headed ogres
  11 ironbound frosthearts
  4 radroaches
  A boulder beetle (Vaults:2)
  5 tengu warriors
  9 demonic crawlers
  6 deep troll shamans (Depths:1)
  4 deep troll earth magi
  3 vampire magi
  12 hell knights
  4 thrashing horrors
  Urug (D:10)
  5 orc high priests
  5 death yaks (Lair:3)
  A sun demon (Zig:3)
  6 spriggan berserkers
  2 occultists
  Sonja (D:10)
  2 soul eaters
  Lodul (D:14)
  A wretched star (Abyss:2)
  A skyshark (Lair:5)
  5 sun moths
  8 pharaoh ants
  3 sixfirhies
  A cherub (Zig:1)
  8 iron trolls
  6 spriggan druids
  6 flayed ghosts
  3 skeletal warriors (D:13)
  A goliath frog (shapeshifter) (Depths:1)
  4 glowing orange brains
  70 deep trolls
  4 goliath frogs
  A death drake (Swamp:4)
  8 orb spiders
  4 lindwurms
  2 phantasmal warriors (Vaults:5)
  A shadow demon (Depths:2)
  4 deep elf pyromancers
  5 steelbarb worms
  7 orc knights
  2 bog bodies
  18 ironbound convokers
  7 swamp dragons
  10 arcanists
  6 necromancers
  2 deep elf zephyrmancers
  5 harpies (Vaults:1)
  A mana viper (shapeshifter) (Vaults:5)
  15 wolf spiders
  A frost giant zombie (Vaults:2)
  9 orc sorcerers
  16 moths of wrath
  3 cyclopes
  A salamander (shapeshifter) (Lair:5)
  3 will-o-the-wisps
  47 ugly things
  A manticore (shapeshifter) (Depths:3)
  4 manticores
  4 large abominations
  A worldbinder (Zig:6)
  3 orange demons
  A frost giant skeleton (Vaults:2)
  An eye of devastation (Abyss:2)
  A stone giant skeleton (Vaults:2)
  A centaur zombie (D:15)
  3 black mambas
  2 gargoyles
  Joseph (D:10)
  A cane toad (shapeshifter) (Vaults:5)
  5 torpor snails
  24 vault sentinels
  2 smoke demons
  11 cane toads
  A rime drake (Lair:2)
  2 unseen horrors (shapeshifter)
  An elf skeleton (Vaults:2)
  Jeremiah (D:6)
  A hellion (Zig:2)
  A yaktaur (shapeshifter) (Lair:5)
  4 freezing wraiths
  A kobold demonologist (D:12)
  A komodo dragon (shapeshifter) (Depths:3)
  An ancient zyme (Zig:6)
  Psyche (D:9)
  4 efreet
  4 komodo dragons
  2 tengu conjurers
  25 yaktaurs
  A red devil (Depths:2)
  3 hellwings
  4 polar bears
  9 trolls
  3 meliai (D:14)
  31 tarantellas
  A merfolk (shapeshifter) (Depths:3)
  6 tyrant leeches
  9 hornets
  A hornet (shapeshifter) (D:15)
  38 blink frogs
  9 raiju
  2 glass eyes (Depths:3)
  A jumping spider (shapeshifter) (Lair:5)
  2 snapping turtles (shapeshifter) (Depths:3)
  28 slime creatures
  23 jumping spiders
  24 culicivoras
  Sigmund (D:4)
  2 centaur simulacra (D:15)
  10 spriggans
  A vampire (D:14)
  A ynoxinul (Abyss:2)
  17 humans (D:14)
  6 wraiths
  2 shadows (D:12)
  5 wyverns
  A fire bat (Abyss:2)
  4 golden eyes (Depths:2)
  15 starcursed masses
  45 yaks
  42 redbacks
  9 basilisks
  8 chaos spawn
  A redback (shapeshifter) (Depths:3)
  2 steam dragons
  3 neqoxecs
  2 vampire mosquitoes (D:14)
  Edmund (D:6)
  4 wargs
  An acid dragon (D:12)
  12 swamp worms
  14 water moccasins
  19 orc warriors
  An ice beast (D:6)
  2 sky beasts (D:7)
  5 spriggan simulacra (Depths:3)
  2 swamp drakes
  2 black bears (D:6)
  18 ogres
  7 wolves
  8 centaurs
  A human skeleton (Vaults:2)
  3 kobold brigands
  9 bullfrogs
  4 scorpions
  14 small abominations
  12 wights
  A hornet simulacrum (D:15)
  8 killer bees
  An electric eel (Spider:4)
  11 howler monkeys
  4 jellies
  4 hounds
  A quasit (Abyss:2)
  21 orc priests
  An iron imp (Abyss:2)
  4 iguanas
  A sleepcap (D:7)
  26 orc wizards
  Natasha (thrice) (D:4)
  8 gnolls (D:7)
  4 adders
  7 ufetubi
  A worm (D:4)
  2 dart slugs (D:4)
  52 orcs
  8 bats
  4 endoplasms
  2 giant cockroaches
  8 goblins
  2 hobgoblins (D:1)
  5 jackals
  20 kobolds
  8 quokkas
  6 ball pythons
  6 frilled lizards
  6 rats
1738 creatures vanquished.

Vanquished Creatures (collateral kills)
  2 ancient liches (Zot:5)
  A killer bee (D:10)
  2 howler monkeys (D:7)
  2 orc wizards
  3 orcs
  A quokka (D:5)
11 creatures vanquished.

Vanquished Creatures (others)
  2 ancient liches (Zot:5)
  An orb of fire (Zot:5)
  A Killer Klown (Zot:5)
  A golden dragon (Zot:5)
  5 Orb Guardians (Zot:5)
  A draconian scorcher (Zot:5)
  A draconian annihilator (Zot:5)
  A green draconian (Zot:5)
  An ugly thing (Vaults:2)
  A bloated husk (Swamp:2)
  A spriggan (Swamp:2)
  A small abomination (Zot:2)
  An orc warrior (D:7)
  An ogre (Zot:2)
  An orc priest (Vaults:5)
  An orc wizard (D:4)
  An orc (Vaults:5)
  6 foxfires
  7 starspawn tentacles
35 creatures vanquished.

Grand Total: 1784 creatures vanquished

Notes
Turn   | Place    | Note
-------+----------+-------------------------------------------
     0 | D:1      | UncleanOne the Armataur Artificer began the quest for the
                  | Orb.
     0 | D:1      | Reached XP level 1. HP: 15/15 MP: 1/1
    43 | D:1      | Reached skill level 1 in Fighting
    80 | D:1      | Reached skill level 1 in Unarmed Combat
   100 | D:1      | Reached XP level 2. HP: 23/23 MP: 2/2
   418 | D:1      | Reached XP level 3. HP: 13/28 MP: 3/3
  1036 | D:2      | Found a burning altar of Makhleb.
  1065 | D:2      | Found Onwauneu's Distillery.
  1290 | D:3      | Found Baariq's General Store.
  1298 | D:3      | Bought a scroll of identify for 24 gold pieces
  1355 | D:3      | Found a faded altar of an unknown god.
  1487 | D:3      | Found Baghe's Jewellery Shoppe.
  1504 | D:3      | Found Itrare's General Store.
  1511 | D:3      | Bought a potion of curing for 36 gold pieces
  1556 | D:3      | Reached XP level 4. HP: 18/36 MP: 4/4
  2127 | D:4      | Reached XP level 5. HP: 19/42 MP: 5/5
  2306 | D:4      | Found a glowing silver altar of Zin.
  2391 | D:4      | Noticed Sigmund
  2396 | D:4      | Killed Sigmund
  2397 | D:4      | Reached XP level 6. HP: 32/51 MP: 6/6
  2520 | D:4      | Reached skill level 5 in Unarmed Combat
  2592 | D:4      | Noticed Natasha
  2606 | D:4      | Killed Natasha
  2728 | D:4      | Noticed Natasha
  2733 | D:4      | Killed Natasha
  2734 | D:4      | Gained mutation: You roll and regenerate health when moving
                  | toward enemies. (Rampage Heal) [Armataur growth]
  2734 | D:4      | Reached XP level 7. HP: 55/58 MP: 7/7
  2801 | D:4      | Noticed Natasha
  2810 | D:4      | Killed Natasha
  2931 | D:5      | Entered Level 5 of the Dungeon
  3190 | D:5      | Found a staircase to the Ecumenical Temple.
  3198 | Temple   | Entered the Ecumenical Temple
  3319 | D:5      | Found a white marble altar of Elyvilon.
  3343 | D:5      | Found an iron altar of Okawaru.
  3957 | D:6      | Noticed Jeremiah
  3965 | D:6      | Killed Jeremiah
  3966 | D:6      | Reached skill level 5 in Fighting
  3966 | D:6      | Reached XP level 8. HP: 35/68 MP: 8/8
  4339 | D:6      | Noticed Edmund
  4353 | D:6      | Killed Edmund
  4654 | D:7      | Found a blossoming altar of Fedhas.
  4826 | D:6      | Reached XP level 9. HP: 65/75 MP: 9/9
  5568 | D:7      | Found a radiant altar of Vehumet.
  5632 | D:7      | Reached skill level 10 in Unarmed Combat
  6810 | D:8      | Found a hazy altar of Hepliaklqana.
  6909 | D:8      | Found an opulent altar of Gozag.
  6914 | D:8      | Became a worshipper of Gozag Ym Sagoz the Greedy
  6974 | D:9      | Found a runed translucent door.
  6974 | D:9      | Noticed a sixfirhy
  7065 | D:9      | Noticed Psyche
  7074 | D:9      | Killed Psyche
  7075 | D:9      | Reached XP level 10. HP: 88/88 MP: 10/10
  7302 | D:9      | Found a burning altar of Makhleb.
  7304 | D:9      | Noticed a blizzard demon
  7503 | D:9      | Found an ancient bone altar of Kikubaaqudgha.
  7683 | D:10     | Entered Level 10 of the Dungeon
  8091 | D:10     | Noticed a deep elf pyromancer
  8095 | D:10     | Killed a deep elf pyromancer
  8517 | D:10     | Noticed Joseph
  8530 | D:10     | Killed Joseph
  8827 | D:10     | Found a glowing golden altar of the Shining One.
  8841 | D:10     | Noticed Sonja
  8866 | D:10     | Killed Sonja
  8867 | D:10     | Reached XP level 11. HP: 39/97 MP: 11/11
  9208 | D:10     | Found a staircase to the Orcish Mines.
  9619 | D:11     | Found a staircase to the Lair.
  9647 | D:11     | Noticed a two-headed ogre
  9654 | D:11     | Killed a two-headed ogre
 10025 | D:11     | Noticed a two-headed ogre
 10031 | D:11     | Killed a two-headed ogre
 10666 | D:12     | Reached skill level 10 in Fighting
 10836 | Orc:1    | Entered Level 1 of the Orcish Mines
 10836 | Orc:1    | Noticed Urug
 10837 | Orc:1    | Noticed an orc high priest
 10841 | Orc:1    | Noticed an orc sorcerer
 10851 | D:10     | Killed Urug
 10992 | Orc:1    | Noticed a sun demon
 11002 | D:10     | Killed an orc sorcerer
 11098 | Orc:1    | Killed an orc high priest
 11261 | Orc:1    | Found a burning altar of Makhleb.
 11263 | Orc:1    | Noticed an animated plate armour
 11265 | Orc:1    | Found Hary's Armour Shoppe.
 11266 | Orc:1    | Noticed an animated gold dragon scales
 11277 | Orc:1    | Bought the scarf "Kaqon" {repulsion, Rampage Dex+4} for 355
                  | gold pieces
 11277 | Orc:1    | Bought a +0 pair of gloves for 63 gold pieces
 11406 | Orc:1    | Noticed an orc high priest
 11412 | Orc:1    | Noticed a sixfirhy
 11427 | Orc:1    | Killed an orc high priest
 11434 | Orc:1    | Found Tybrusoff's Antique Weapon Shoppe.
 11725 | Orc:1    | Found Aweofoap's Antique Armour Emporium.
 11733 | Orc:1    | Bought a brightly glowing chain mail for 313 gold pieces
 11733 | Orc:1    | Identified the +12 chain mail of the Game of Kings {-Cast
                  | Rampage Regen+ Str+6} (You bought it in a shop on level 1
                  | of the Orcish Mines)
 11754 | Orc:1    | Reached XP level 12. HP: 83/108 MP: 12/12
 11959 | Orc:2    | Entered Level 2 of the Orcish Mines
 11961 | Orc:2    | Found a staircase to the Elven Halls.
 12136 | Orc:2    | Noticed an orc high priest
 12146 | Orc:2    | Killed an orc high priest
 12154 | Orc:2    | Noticed an orc high priest
 12158 | Orc:2    | Noticed a two-headed ogre
 12221 | Orc:2    | Killed an orc high priest
 12222 | Orc:2    | Reached skill level 15 in Unarmed Combat
 12229 | Orc:2    | Killed a two-headed ogre
 12356 | Orc:2    | Found Guqop's General Store.
 12356 | Orc:2    | Found Qeuh's Book Shoppe.
 12356 | Orc:2    | Noticed an orc high priest
 12377 | Orc:2    | Paralysed by an orc sorcerer for 3 turns
 12483 | Orc:2    | Killed an orc high priest
 12548 | Orc:2    | Noticed a two-headed ogre
 12552 | Orc:2    | Killed a two-headed ogre
 12559 | Orc:2    | Noticed Maurice
 12562 | Orc:2    | Maurice changed into Maurice the water moccasin
 12562 | Orc:2    | Noticed Maurice
 12568 | Orc:2    | Killed Maurice the water moccasin
 12663 | Orc:2    | Noticed Erolcha
 12672 | Orc:2    | Killed Erolcha
 12768 | Orc:2    | Found a dark tunnel.
 12928 | Orc:2    | Found Agomp's Assorted Antiques.
 12928 | Orc:2    | Found Pimaxt's General Store.
 12935 | Orc:2    | Bought a potion of lignification for 36 gold pieces
 12935 | Orc:2    | Bought a scroll of identify for 24 gold pieces
 12935 | Orc:2    | Bought a potion of enlightenment for 60 gold pieces
 12935 | Orc:2    | Bought a scroll of teleportation for 36 gold pieces
 12938 | Orc:2    | Bought a pair of ancient gloves for 294 gold pieces
 12938 | Orc:2    | Identified the +2 pair of gloves of Syndicalism {Fly} (You
                  | bought it in a shop on level 2 of the Orcish Mines)
 12949 | Orc:2    | Bought a scroll labelled AKHLOO XEGHURRY for 31 gold pieces
 12949 | Orc:2    | Bought a scroll labelled PUYHUILAFF for 31 gold pieces
 12949 | Orc:2    | Bought a scroll of identify for 62 gold pieces
 12957 | Orc:2    | Bought a scroll of fear for 64 gold pieces
 13061 | Lair:1   | Entered Level 1 of the Lair of Beasts
 13203 | Lair:1   | Reached XP level 13. HP: 107/117 MP: 13/13
 13393 | Lair:1   | You are sucked into a shaft and drop 1 floor!
 13708 | Lair:2   | Identified a scroll of acquirement
 13717 | Lair:2   | Acquired 999 gold pieces
 13797 | Lair:2   | Bought the ring "Siantail" {*Slow rF+++ rC+ rN+} for 1115
                  | gold pieces
 13981 | Lair:2   | Found a hole to the Spider Nest.
 14743 | Lair:3   | Found a staircase to the Swamp.
 15738 | Lair:4   | Reached skill level 3 in Armour
 15744 | Lair:4   | Reached skill level 1 in Shields
 15831 | Lair:5   | Entered Level 5 of the Lair of Beasts
 15842 | Lair:5   | Reached XP level 14. HP: 107/129 MP: 14/14
 15886 | Lair:5   | Reached skill level 4 in Armour
 15922 | Lair:5   | Reached skill level 5 in Armour
 16132 | Lair:5   | Reached skill level 6 in Armour
 16209 | Lair:5   | Reached skill level 7 in Armour
 16271 | Lair:5   | Found a transporter.
 16271 | Lair:5   | Found a transporter.
 16333 | Lair:5   | Noticed a tentacled starspawn
 16356 | Lair:5   | Noticed Runel's ghost (journeyman DEEE)
 16723 | Lair:5   | Reached skill level 8 in Armour
 16940 | Lair:5   | Reached skill level 5 in Shields
 16972 | Lair:5   | Identified the +1 long sword of Fimbulwinter {venom, rF+
                  | Str+2}
 17009 | Lair:5   | Found a corrupted altar of Lugonu.
 17009 | Lair:5   | Found a one-way gate to the infinite horrors of the Abyss.
 17021 | Lair:5   | Reached skill level 9 in Armour
 17188 | Lair:5   | Identified the staff of the Hawk {rC+ Str+5 Int+3 Ice}
 17205 | Lair:5   | Bought the ring "Asoerai" {Drain rElec rN+ Str+4 Dex+4} for
                  | 632 gold pieces
 17433 | D:12     | Noticed Jorgrun
 17456 | D:12     | Killed Jorgrun
 17713 | D:13     | Reached skill level 10 in Armour
 17878 | D:13     | Found a runed translucent gate.
 17904 | D:13     | Found a runed translucent gate.
 17905 | D:13     | Found a runed translucent gate.
 17907 | D:13     | Noticed Ozzieoiler's ghost (journeyman DsRe)
 18848 | D:14     | Reached XP level 15. HP: 136/136 MP: 15/15
 18991 | D:14     | Noticed Snorg
 19005 | D:14     | Killed Snorg
 19205 | D:14     | Noticed Lodul
 19212 | D:14     | Killed Lodul
 19534 | D:14     | Found a gate to the Vaults.
 19579 | D:14     | Bought an amulet of regeneration for 360 gold pieces
 19864 | D:15     | Entered Level 15 of the Dungeon
 20346 | Abyss:2  | Cast into level 2 of the Abyss (an occultist)
 20349 | Abyss:2  | Found a corrupted altar of Lugonu.
 20435 | Abyss:2  | Found a corrupted altar of Lugonu.
 20518 | Abyss:2  | Gained mutation: Your spells are a little easier to cast,
                  | but a little less powerful. [a neqoxec]
 20560 | Abyss:2  | Noticed a tentacled starspawn
 20568 | Abyss:2  | Killed a tentacled starspawn
 20641 | D:15     | Escaped the Abyss
 20653 | D:15     | Found a staircase to the Depths.
 20794 | D:15     | Found a runed translucent door.
 20858 | D:15     | Noticed a storm dragon
 20858 | D:15     | Noticed a storm dragon
 20871 | D:15     | Killed a storm dragon
 20872 | D:15     | Reached skill level 15 in Fighting
 20885 | D:15     | Killed a storm dragon
 21219 | Swamp:1  | Entered Level 1 of the Swamp
 21446 | Swamp:1  | Paralysed by a hornet for 1 turns
 21536 | Swamp:1  | Noticed Nikola
 21557 | Swamp:1  | Killed Nikola
 21694 | Swamp:1  | Reached XP level 16. HP: 100/149 MP: 16/16
 21916 | Swamp:1  | Identified the +7 hand axe "Ugiumpag" {freeze, Contam Str-5
                  | Dex+8 Stlth+}
 21974 | Swamp:2  | Noticed Donald
 22100 | Swamp:1  | Killed Donald
 22780 | Swamp:4  | Entered Level 4 of the Swamp
 22782 | Swamp:4  | Noticed Mlioglotl
 22786 | Swamp:4  | Gained mutation: Your mind is acute. (Int +4, Str/Dex -1)
                  | [a shining eye]
 22849 | Swamp:3  | Noticed a lich
 22859 | Swamp:2  | Killed Mlioglotl
 22982 | Swamp:3  | Noticed a thorn hunter
 22998 | Swamp:3  | Killed a thorn hunter
 23052 | Swamp:3  | Identified the +5 broad axe of the Wizarding Gnat {heavy,
                  | rPois rF+++ Dex-5}
 23547 | Swamp:4  | Noticed a thorn hunter
 23552 | Swamp:4  | Killed a thorn hunter
 23726 | Swamp:4  | Paralysed by an orc sorcerer for 2 turns
 23773 | Swamp:4  | Noticed a thorn hunter
 23783 | Swamp:4  | Killed a thorn hunter
 23784 | Swamp:4  | Paralysed by a fenstrider witch for 5 turns
 23875 | Swamp:4  | Got a decaying rune of Zot
 23920 | Swamp:4  | Noticed Bai Suzhen
 23923 | Swamp:4  | Noticed Mara
 24162 | D:11     | Bought a ring of poison resistance for 240 gold pieces
 24234 | Spider:1 | Entered Level 1 of the Spider Nest
 24533 | Spider:1 | Reached XP level 17. HP: 121/152 MP: 17/17
 25868 | Spider:2 | Bought the brooch of Shielding {Spirit SH+8} for 975 gold
                  | pieces
 25868 | Spider:2 | Found the brooch of Shielding {Spirit SH+8}
 25978 | Spider:2 | Bought the ring of Absolutism {rPois rCorr MP+9 Dex+3} for
                  | 646 gold pieces
 26200 | Spider:2 | Identified the +3 short sword of the Voracious God {freeze,
                  | rPois rF+ Will+ Str+2}
 27060 | Spider:4 | Entered Level 4 of the Spider Nest
 28281 | Spider:4 | Got a gossamer rune of Zot
 28684 | Vaults:1 | Entered Level 1 of the Vaults
 28753 | Vaults:1 | Reached XP level 18. HP: 161/173 MP: 18/18
 28834 | Vaults:1 | Noticed Saint Roka
 29415 | Vaults:1 | Killed Saint Roka
 30940 | Vaults:2 | Identified the +11 executioner's axe "Ywkot" {speed, +Blink
                  | SInv}
 31035 | Vaults:2 | Found Pyupsusm's Distillery.
 31038 | Vaults:2 | Found a staircase to the Crypt.
 31041 | Vaults:2 | Reached XP level 19. HP: 184/184 MP: 19/19
 31062 | Vaults:2 | Bought a potion of might for 72 gold pieces
 31062 | Vaults:2 | Bought a potion of cancellation for 144 gold pieces
 31062 | Vaults:2 | Bought a potion of heal wounds for 90 gold pieces
 31062 | Vaults:2 | Bought a potion of mutation for 144 gold pieces
 31062 | Vaults:2 | Bought a potion of heal wounds for 90 gold pieces
 31127 | Vaults:2 | Reached skill level 10 in Shields
 31127 | Vaults:2 | Reached XP level 20. HP: 193/193 MP: 20/20
 31127 | Vaults:2 | Reached XP level 21. HP: 201/201 MP: 21/21
 31288 | Vaults:2 | Identified the ring "Hatyvvi" {Ice rPois Str+5}
 31594 | Vaults:3 | Noticed a dread lich
 31598 | Vaults:3 | Paralysed by a dread lich for 2 turns
 31609 | Vaults:3 | Killed a dread lich
 32480 | Vaults:3 | Found Hytaugish's Antique Armour Shop.
 32486 | Vaults:3 | Bought a pair of fine gloves for 418 gold pieces
 32486 | Vaults:3 | Identified the +2 pair of gloves of the Game Afoot {rF++
                  | rC+} (You bought it in a shop on level 3 of the Vaults)
 33747 | Vaults:4 | Found Perph's Assorted Antiques.
 33848 | Vaults:4 | Found Biotsefu's Magic Scroll Boutique.
 33851 | Vaults:4 | Bought a scroll of immolation for 80 gold pieces
 33851 | Vaults:4 | Bought a scroll of blinking for 150 gold pieces
 33851 | Vaults:4 | Bought a scroll of teleportation for 60 gold pieces
 33851 | Vaults:4 | Bought a scroll of teleportation for 60 gold pieces
 33851 | Vaults:4 | Bought a scroll of teleportation for 60 gold pieces
 33906 | Vaults:4 | Found Saosk's Assorted Antiques.
 33916 | Vaults:4 | Bought a scroll labelled CILLUKENIPS for 25 gold pieces
 34050 | Vaults:4 | Reached XP level 22. HP: 213/213 MP: 22/22
 34078 | Vaults:4 | Paralysed by a formless jellyfish for 1 turns
 34438 | Vaults:5 | Entered Level 5 of the Vaults
 34444 | Vaults:5 | Noticed a dread lich
 34445 | Vaults:5 | Reached skill level 11 in Armour
 34457 | Vaults:5 | Killed a dread lich
 34480 | Vaults:5 | Reached skill level 12 in Armour
 34533 | Vaults:5 | Reached skill level 13 in Armour
 34558 | Vaults:5 | Noticed a golden dragon
 34583 | Vaults:5 | Reached skill level 14 in Armour
 34636 | Vaults:5 | Killed a golden dragon
 34637 | Vaults:5 | Reached skill level 15 in Armour
 34735 | Vaults:5 | Reached skill level 16 in Armour
 34771 | Vaults:5 | Reached skill level 17 in Armour
 34818 | Vaults:5 | Reached skill level 18 in Armour
 34936 | Vaults:5 | Got the Discursus on Impulse
 35200 | Vaults:5 | Got Naiwut's Directory of Unlucky Embers
 35276 | Vaults:5 | Reached XP level 23. HP: 222/222 MP: 23/23
 35299 | Vaults:5 | Reached skill level 19 in Armour
 35339 | Vaults:5 | Noticed an ancient lich
 35498 | Vaults:5 | Killed an ancient lich
 35514 | Vaults:5 | Identified the +5 spear of Parts Unknown {freeze, rN+ MP+9
                  | Dex+10 Stlth-}
 35514 | Vaults:5 | Identified the ring of Vaaj {Fly EV+5}
 35661 | Vaults:5 | Got a silver rune of Zot
 35893 | Vaults:5 | Got Wizarding Continued
 35903 | Vaults:5 | Found Axeituza's Armour Boutique.
 35905 | Vaults:5 | Found the +6 arbalest "Damnation" {damnation}
 35924 | Vaults:5 | Got the Secrets of Conflict
 35936 | Vaults:5 | Got Ihecocla's Textbook on the Commander and Lightning
 36276 | Depths:1 | Entered Level 1 of the Depths
 36281 | Depths:1 | Noticed the Enchantress
 36297 | Depths:1 | Reached skill level 20 in Armour
 36306 | Depths:1 | Killed the Enchantress
 36537 | Depths:1 | You fall into a shaft and drop 1 floor!
 36570 | Depths:1 | Reached skill level 21 in Armour
 36656 | Depths:1 | Found an iron altar of Okawaru.
 36707 | Depths:1 | Found a one-way gateway to a ziggurat.
 36717 | Zig:1    | Entered Level 1 of a ziggurat
 36742 | Zig:2    | Entered Level 2 of a ziggurat
 36781 | Zig:3    | Entered Level 3 of a ziggurat
 36784 | Zig:3    | Noticed Rijof the pandemonium lord
 36804 | Zig:3    | Killed Rijof the pandemonium lord
 36814 | Zig:3    | Reached skill level 22 in Armour
 36839 | Zig:4    | Entered Level 4 of a ziggurat
 36841 | Zig:4    | Noticed a caustic shrike
 36846 | Zig:4    | Killed a caustic shrike
 36895 | Zig:5    | Entered Level 5 of a ziggurat
 36953 | Zig:5    | Got the Book of Space and Conduction
 36960 | Zig:5    | Reached skill level 23 in Armour
 36960 | Zig:5    | Reached XP level 24. HP: 231/231 MP: 23/23
 36960 | Zig:5    | Reached XP level 25. HP: 237/237 MP: 23/23
 36980 | Zig:6    | Entered Level 6 of a ziggurat
 37000 | Zig:6    | Paralysed by accursed screaming for 2 turns
 37007 | Zig:6    | Paralysed by accursed screaming for 2 turns
 37044 | Zig:6    | Identified the ring "Hienteuf" {rF+ rC+ MP+9 Int+6}
 37216 | Zig:6    | Identified the +9 great sword "Rykletogg" {drain, rN+}
 37227 | Zig:6    | Identified the +12 halberd of Wu Jian's Inspiration {flame,
                  | Fragile rC+ Int+4}
 37228 | Zig:6    | Reached skill level 24 in Armour
 37228 | Zig:6    | Reached XP level 26. HP: 246/246 MP: 23/23
 37228 | Zig:6    | Reached XP level 27. HP: 253/253 MP: 23/23
 37234 | Zig:6    | Acquired a manual of Fighting
 37238 | Zig:6    | Acquired 828 gold pieces
 37239 | Zig:6    | Acquired 759 gold pieces
 37275 | Depths:1 | Bought the +0 mask of the Dragon {Will+ Slay+3 SInv} for
                  | 434 gold pieces
 37275 | Depths:1 | Found the +0 mask of the Dragon {Will+ Slay+3 SInv}
 37363 | Depths:1 | Reached skill level 25 in Armour
 37540 | Depths:1 | Found an ornate altar of the Wu Jian Council.
 37663 | Depths:1 | Found a gateway to Hell.
 37943 | Depths:2 | Acquired 766 gold pieces
 38037 | Depths:2 | Found a one-way gate leading to the halls of Pandemonium.
 38280 | Depths:3 | Noticed Margery
 38290 | Depths:3 | Killed Margery
 38291 | Depths:3 | Reached skill level 26 in Armour
 38794 | Depths:4 | Entered Level 4 of the Depths
 38874 | Depths:4 | Reached skill level 27 in Armour
 39019 | Depths:4 | Found a gate to the Realm of Zot.
 39033 | Zot:1    | Entered Level 1 of the Realm of Zot
 39401 | Zot:2    | Found the +4 dragonskin cloak
 39401 | Zot:2    | Noticed Tiamat
 39447 | Zot:2    | Killed Tiamat
 40603 | Zot:4    | Noticed an orb of fire
 40611 | Zot:4    | Killed an orb of fire
 40657 | Zot:5    | Entered Level 5 of the Realm of Zot
 40699 | Zot:5    | Noticed an ancient lich
 40735 | Zot:5    | Killed an ancient lich
 40813 | Zot:5    | Noticed an ancient lich
 40816 | Zot:5    | Noticed an orb of fire
 40818 | Zot:5    | Noticed an ancient lich
 40834 | Zot:5    | Noticed an orb of fire
 40852 | Zot:5    | Killed an ancient lich
 40858 | Zot:5    | Killed an ancient lich
 40925 | Zot:5    | Killed an ancient lich
 40929 | Zot:5    | Noticed an orb of fire
 40938 | Zot:5    | Gained mutation: You do not regenerate when monsters are
                  | visible. [an orb of fire]
 40939 | Zot:5    | Got the Orb of Zot
 41015 | Zot:2    | Noticed Kextocy the pandemonium lord
 41550 | D:5      | Noticed Mafonow the pandemonium lord
 41617 | D:$      | Escaped with the Orb!

Illustrated notes

Levels and vault maps discovered:
D:1:      psy_arrival_dodecagon, layout_loops_ring
D:2:      layout_rooms, basic_altar, serial_shops, shop, roderic_filled_cross
D:3:      layout_loops_ring, shapermc_ecumenical_altar_notcrosses, serial_shops,
          nicolae_shop_tiny_waterfront, nicolae_shop_gaudy_bauble,
          nicolae_shop_getting_attention, kennysheep_generic_room_15
D:4:      layout_basic, mainiacjoe_overflow_alcove_4, uniq_sigmund, uniq_natasha
D:5:      layout_cave_pools, mainiacjoe_overflow_concentric_impassable,
          mainiacjoe_overflow_brackets, minmay_temple_entry_statues_pillars,
          kennysheep_big_empty_room
D:6:      minmay_chambers_of_fours, layout_basic, uniq_edmund, uniq_jeremiah
D:7:      layout_layer_cave, overflow_temple_1_default,
          mainiacjoe_overflow_catwalk
D:8:      layout_basic, mainiacjoe_overflow_swirl
D:9:      cheibrodos_shockbox, layout_basic, mainiacjoe_overflow_alcove_1,
          makhleb_altar_promises_db, uniq_psyche
D:10:     layout_roguey, mainiacjoe_overflow_six_doors_small, hiddenorc1_lemuel,
          guppyfry_early_elven_hall, uniq_sonja, uniq_joseph
D:11:     layout_roguey, lair_entry_dummy
D:12:     layout_loops_ring, portal_ice_cave_entry_pillars_1, uniq_jorgrun
D:13:     layout_stronghold, gammafunk_ghost_necromancy
D:14:     layout_loops_ring, grunt_vaults_entry_tiered,
          chequers_serial_rivers_small_3, uniq_snorg, uniq_lodul
D:15:     grunt_enter_depths_magical_seal, layout_irregular_city,
          hangedman_decor_opposing, minivault_13
Temple:   nicolae_temple_slightly_damp_pantheon
Lair:1:   layout_misc_corridors, guppyfry_lair_drakes, infiniplex_staircase_pool
Lair:2:   layout_gridlike, spider_nest_entry_a, grunt_megastairs_4
Lair:3:   layout_cave_pods, mainiacjoe_swamp_entry_lozenge_pond
Lair:4:   layout_layer_cave, grunt_megastairs_1
Lair:5:   hellmonk_lair_end_abyssal_woods, layout_small_grid,
          minmay_slime_entry_oklob_enclosed, gammafunk_ghost_abyssal_escape,
          serial_bayou_shore_b, lemuel_fruit_tree
Swamp:1:  layout_basic_swamp, nicolae_swamp_little_tower,
          infiniplex_staircase_pool_2, uniq_nikola
Swamp:2:  layout_falls_marsh, evilmike_swamp_ruin_house_6, uniq_donald
Swamp:3:  nicolae_swamp_flooded_prison, layout_basic_swamp,
          hangedman_swamp_ruin_wall
Swamp:4:  nzn_swamp_witches_coven, layout_basic_swamp, uniq_mlioglotl,
          uniq_mara, uniq_bai_suzhen
Spider:1: layout_spider_delve, nicolae_spider_not_touching_you
Spider:2: layout_chambers, nicolae_spider_webs_and_nodes
Spider:3: layout_spider_delve, nicolae_spider_solar_radiation
Spider:4: spider_rune_water, hangedman_spider_tarantella_strand
Orc:1:    layout_caves, basic_altar, serial_shops, shop, nicolae_shop_rolled_up,
          nicolae_shop_real_fake_doors, nicolae_shop_mannequins, uniq_urug,
          uniq_nergalle
Orc:2:    st_orc_elflike, layout_caves, basic_altar,
          nicolae_volcano_entry_vermiform, abandoned_shop,
          nicolae_orc_crystal_geode, uniq_erolcha, uniq_maurice
Vaults:1: nicolae_vaults_border_crossing, vaults_dpeg_spiral, v_misc_25,
          nicolae_vaults_trapezoid_1, nicolae_vaults_two_Ls,
          nicolae_vaults_circle_grid_b, special_room_vaults [special_room_orc],
          nicolae_vaults_network_periphery, nicolae_vaults_wine_cellar,
          nicolae_vaults_alarming, layout_vaults_omnicross, uniq_saint_roka
Vaults:2: vaults_room_large_hall, nicolae_vaults_little_squares_2,
          vaults_mumra_minichess_inversion, nicolae_vaults_six-pack,
          nicolae_vaults_mini_display_case, minmay_crypt_entry_simple_plaza,
          nicolae_vaults_network_quincunx
          [nicolae_vaults_network_quincunx_subvault,
          nicolae_vaults_network_quincunx_subvault,
          nicolae_vaults_network_quincunx_subvault,
          nicolae_vaults_network_quincunx_subvault,
          nicolae_vaults_network_quincunx_subvault], nicolae_vaults_heist,
          nicolae_vaults_six-pack, nicolae_vaults_double_plus_2,
          vaults_room_pools, nicolae_vaults_trapezoid_lopsided_1,
          st_quartered_hall, layout_vaults_maze_bifur, serial_shops, shop
Vaults:3: v_misc_4, v_alt_pattern_3, nicolae_vaults_closet_pinwheel_1,
          nicolae_vaults_stairing_the_circle, vaults_room_door_hall,
          nicolae_vaults_you_can_take_it_with_you, v_pattern_5,
          vaults_standard_mumra_x, ontoclasm_vaults_tryst,
          nicolae_vaults_little_squares_6, ontoclasm_vaults_loading_screen,
          vaults_dpeg_diagonal, layout_vaults_chaotic_city, serial_shops, shop
Vaults:4: serial_ice_h, vaults_standard_mumra_enter_the_diamond,
          nicolae_vaults_little_ls, nicolae_vaults_offset_grid_hallway_4,
          nicolae_vaults_six-pack, vaults_mumra_bighexcomb,
          nicolae_vaults_little_squares_1, nicolae_vaults_variable_pillar_hall,
          nicolae_vaults_prndl, layout_vaults_omnigrid, serial_shops,
          nicolae_shop_tiny_real_fake_doors, nicolae_shop_rolling_square,
          nicolae_lakefront_shop
Vaults:5: serial_shops
Depths:1: layout_basic, enter_ziggurat_e, pf_coc_iceberg, okawaru_trees_2,
          pdpol_wu_jian_five_deadly_venoms, uniq_enchantress
Depths:2: minmay_inner_zag, layout_gridlike, abyss_entry_flame_altar,
          nicolae_elevator_lobby_plus, hell_entry, rand_demon_pan_entry_3,
          uniq_norris
Depths:3: regret_index_reflect_refract, layout_gridlike,
          grunt_hell_entry_demonic_statue, abyss_entry,
          hangedman_abyss_or_decor_stagger, uniq_margery
Depths:4: grunt_zot_entry_gee_three, layout_gridlike, hell_entry, uniq_josephina
Zot:1:    layout_basic, hangedman_zot_decor_unnerving_road
Zot:2:    lemuel_halls_of_wrath, layout_misc_corridors, uniq_tiamat
Zot:3:    layout_concentric_octagons
Zot:4:    layout_concentric_octagons
Zot:5:    layout_basic, grunt_ministairs_7

Skill      XL: |  1  2  3  4  5  6  7  8  9 10 11 12 13 14 15 16 17 18 19 20 21 22 23 24 25 26 27 |
---------------+----------------------------------------------------------------------------------+-----
Fighting       | 1 2 3 5 6 7 9 10 11 13 15 17 18 19 20 21 26 | 26.6
Unarmed Combat | 1 2 3 4 5 7 8 10 12 14 16 17 18 19 20 21 23 24 | 24.4
Armour         | 3 10 18 23 24 27 | 27.0
Shields        | 1 6 10 | 10.2
Dodging        | |  0.6
Stealth        | |  1.1
Evocations     | |  3.0

Action                     |  1- 3 |  4- 6 |  7- 9 | 10-12 | 13-15 | 16-18 | 19-21 | 22-24 | 25-27 || total
---------------------------+-------+-------+-------+-------+-------+-------+-------+-------+-------++-------
  Melee: Club              |    27 |       |       |       |       |       |       |       |       ||    27
         Tailslap          |    24 |    18 |    52 |    91 |   194 |   328 |   133 |   193 |   294 ||  1327
         Dagger            |     3 |       |       |       |       |       |       |       |       ||     3
         Unarmed           |   157 |   102 |   318 |   666 |  1238 |  1548 |   559 |   848 |  1096 ||  6532
         Punch             |     5 |     2 |    18 |    14 |       |       |       |       |       ||    39
  Throw: Dart              |       |       |       |    12 |       |       |       |       |       ||    12
         Throwing net      |       |       |       |     3 |       |       |       |       |       ||     3
 Invoke: Call Merchant     |       |       |       |     1 |     3 |     2 |       |       |     3 ||     9
         Potion Petition   |       |       |       |       |       |     1 |       |       |     1 ||     2
         Bribe Branch      |       |       |       |       |       |       |       |       |     1 ||     1
  Evoke: Wand              |       |    15 |    11 |    20 |       |     2 |       |     5 |     3 ||    56
    Use: Scroll            |     4 |     3 |     2 |    13 |    15 |    19 |     2 |     2 |    21 ||    81
         Potion            |       |       |     2 |     1 |     6 |     7 |     1 |     8 |     4 ||    29
   Stab: Sleeping          |     3 |       |       |       |       |       |       |       |       ||     3
         Betrayed ally     |       |       |     1 |       |       |       |       |       |       ||     1
         Distracted        |       |       |     1 |     3 |     9 |    15 |     6 |    11 |    15 ||    60
         Invisible         |       |       |       |       |    12 |     8 |       |       |       ||    20
 Armour: Leather armour    |   130 |    15 |       |       |       |       |       |       |       ||   145
         Ring mail         |       |    61 |   281 |   378 |       |       |       |       |       ||   720
         Skin              |       |       |    22 |     7 |       |     7 |       |       |       ||    36
         Chain mail        |       |       |       |   280 |  1187 |  1254 |   274 |   515 |   683 ||  4193
  Dodge: Dodged            |   102 |    51 |   128 |   190 |   174 |   172 |    48 |    61 |   110 ||  1036
         Repelled          |       |       |       |       |       |     6 |       |     3 |     7 ||    16
  Block: Buckler           |       |       |       |    67 |   238 |    13 |       |       |       ||   318
         Kite shield       |       |       |       |       |       |   970 |   370 |   631 |   738 ||  2709
         Other             |       |       |       |       |       |     4 |       |       |       ||     4
   Form: Beast             |     1 |       |       |       |       |       |       |       |       ||     1
                           |       |       |       |     1 |       |       |       |       |       ||     1

Table legend: (Time is in decaauts)
 A = Elapsed time spent in this place.
 B = Non-inter-level travel time spent in this place.
 C = Inter-level travel time spent in this place.
 D = Time resting spent in this place.
 E = Time spent auto-exploring this place.
 F = Levels seen in this place.
 G = Mean time per level.
                   A        B        C        D        E       F      G
               +--------+--------+--------+--------+--------+-----+--------+
         Total |  39609 |  36327 |   3282 |   1492 |  25939 |  52 |  761.7 |
       Dungeon |  14969 |  13623 |   1346 |    763 |  10491 |  15 |  997.9 |
        Temple |     73 |     35 |     38 |      0 |      0 |   1 |   73.0 |
          Lair |   4286 |   3852 |    434 |     31 |   2917 |   5 |  857.2 |
         Swamp |   2710 |   2493 |    217 |    236 |   1597 |   4 |  677.5 |
   Spider Nest |   4109 |   3978 |    131 |    118 |   2961 |   4 | 1027.2 |
  Orcish Mines |   1876 |   1768 |    108 |    207 |    976 |   2 |  938.0 |
        Vaults |   6872 |   6505 |    367 |     70 |   4687 |   5 | 1374.4 |
        Depths |   2202 |   1951 |    251 |      0 |   1297 |   4 |  550.5 |
           Zot |   1785 |   1398 |    387 |     66 |    638 |   5 |  357.0 |
         Abyss |    270 |    270 |      0 |      0 |    109 |   1 |  270.0 |
      Ziggurat |    452 |    452 |      0 |      0 |    263 |   6 |   75.3 |
               +--------+--------+--------+--------+--------+-----+--------+

Top non-repeatable levels by time:
    D:10: 1895 daAuts
     D:6: 1664 daAuts
Vaults:3: 1636 daAuts
Vaults:5: 1414 daAuts
Spider:4: 1389 daAuts
Vaults:2: 1362 daAuts
  Lair:5: 1360 daAuts
Vaults:4: 1339 daAuts
    D:11: 1288 daAuts
    D:14: 1280 daAuts
     D:4: 1267 daAuts
Spider:2: 1163 daAuts
   Zot:2: 1158 daAuts
Vaults:1: 1119 daAuts
 Swamp:1: 1092 daAuts
